 Dungeon Crawl Stone Soup version 0.25.1-2-g60ff931 (webtiles) character file.

Game seed: 8788498113819295701

4311 Atlas the Gouger (level 10, -2/66 HPs)
             Began as a Felid Berserker on Aug 18, 2020.
             Was an Elder of Trog.
             Slain by an orc high priest
             ... wielding a +0 war axe
              (12 damage)
             ... in a bailey.
             The game lasted 00:19:35 (14776 turns).

Atlas the Gouger (Felid Berserker)                 Turns: 14776, Time: 00:19:35

Health: -2/66      AC:  2    Str: 16    XL:     10   Next: 11%
Magic:  11/11      EV: 26    Int:  8    God:    Trog [****..]
Gold:   794        SH:  0    Dex: 17    Spells: 9/9 levels left
                                        Lives:  0   Deaths: 2

rFire    + . .     SeeInvis +     - Unarmed
rCold    . . .     Gourm    .   (shield unavailable)
rNeg     . . .     Faith    .   (armour unavailable)
rPois    +         Spirit   .   (helmet unavailable)
rElec    .         Reflect  .   (cloak unavailable)
rCorr    .         Harm     .   (gloves unavailable)
MR       +++..                  (boots unavailable)
Stlth    ..........             (no amulet)
HPRegen  1.21/turn              h - ring of poison resistance
MPRegen  0.12/turn              F - ring of protection from fire

@: berserking, regenerating, very quick
A: very small, no armour, no weapons or thrown items, stealth, antennae 1, claws
1, fangs 3, see invisible, carnivore, speed 1, sense surroundings 1, shaggy fur
2, slow metabolism 1, sharp paws
a: Berserk, Trog's Hand, Brothers in Arms, Renounce Religion


You were in a bailey.
You worshipped Trog.
Trog was greatly pleased with you.
You were very full.

You visited 1 branch of the dungeon, and saw 12 of its levels.
You also visited: Bailey.

You collected 794 gold pieces.

Inventory:

Jewellery
 h - a ring of poison resistance (left paw)
 x - an uncursed ring of stealth
 F - a ring of protection from fire (right paw)
Wands
 j - a wand of flame (10)
 l - a wand of random effects (49)
 m - a wand of acid (15)
 s - a wand of clouds (2)
 v - a wand of iceblast (18)
 w - a wand of paralysis (12)
 C - a wand of digging (5)
Scrolls
 c - 8 scrolls of remove curse
 d - 2 scrolls of fog
 e - 2 scrolls of magic mapping {unknown}
 g - a scroll of amnesia {unknown}
 i - 3 scrolls of immolation {unknown}
 n - 5 scrolls of teleportation {unknown}
 o - 2 scrolls of enchant weapon {unknown}
 p - a scroll of summoning {unknown}
 t - a scroll of torment {unknown}
 u - a scroll of holy word {unknown}
 y - a scroll of noise {unknown}
Potions
 b - a potion of cancellation
 f - 3 potions of lignification
 k - 4 potions of flight
 q - a potion of stabbing
 r - a potion of brilliance {unknown}
 z - a potion of berserk rage
 A - 2 potions of mutation
 D - a potion of haste {unknown}
Comestibles
 a - 20 rations


   Skills:
 + Level 5.0 Fighting
 + Level 10.2 Dodging
 + Level 13.1 Stealth
 + Level 13.5 Unarmed Combat
 + Level 1.2 Evocations


You had 9 spell levels left.
You didn't know any spells.
Your spell library was empty.

Dungeon Overview and Level Annotations

Branches:
Dungeon (12/15)            Temple (0/1) D:6            Lair (0/6) D:11
    Orc (0/2) D:9          Bailey (1/1)

Altars:
Dithmenos
Makhleb
Nemelex Xobeh
Beogh

Shops:
D:7 [

Annotations:
D:3 3 runed translucent doors, DrIncompetent's ghost, weakling DgAE


Innate Abilities, Weirdness & Mutations

You cannot wear armour.
You are incapable of wielding weapons or throwing items.
Your paws allow you to move quietly. (Stealth)
You have sharp claws.
You have razor-sharp teeth.
You have supernaturally acute eyesight. (SInv)
You are carnivorous and can eat meat at any time.
You cover ground quickly.
You are covered in thick fur. (AC +2)
You have a slow metabolism.
Your sharp claws are effective at attacking unaware monsters.
You have a pair of small antennae on your head.
You passively map a small area around you.


Message History

The goblin closely misses you.
You claw the kobold demonologist!
You kill the kobold demonologist!
Trog accepts your kill.
Trog appreciates your killing of a magic user.
The iron imp disappears in a puff of smoke!
The crimson imp disappears in a puff of smoke! x2
The orc high priest barely misses you. The hellwing completely misses you.
The hellwing misses you.
The neqoxec gestures.
You scratch the orc high priest.
The orc high priest is lightly wounded.
The goblin hits you with a +3 hand axe.
You claw the orc high priest! Your bite misses the orc high priest.
The orc high priest is heavily wounded.
The goblin barely misses you. The hellwing hits you!
* * * LOW HITPOINT WARNING * * *
The hellwing misses you.
The orc high priest hits you with a +0 war axe!
You die...

* ,
#####'''##### ,
,, #..'.....'..#
≈ ,
#..'.....'..#, ≈
####..#.)⌠..#..#
#.....#.....#
....*
#.8...#.....#
.8.#, ≈
,#.....#######,
..#,
#.8.######## .#
#.5§@go....., #
#.8o4g3..... * ≈
+...35§§._.. , ≈
##+#........ ,
≈≈≈ *, #########
≈ ,,* !..+ , , ,
≈ ,* ?..# * ≈ *
* #### ≈ ≈ *,


You could see an orc high priest, a hellwing (summoned), a smoke demon
(summoned), a neqoxec (summoned), a quasit (summoned), a shadow imp (summoned),
an orc and 2 goblins.

Vanquished Creatures
  A two-headed ogre (D:8)
  Pikel (D:7)
  An orc knight (Bailey)
  Joseph (D:7)
  A kobold demonologist (Bailey)
  A komodo dragon (D:11)
  A hornet (D:11)
  A hippogriff (D:9)
  Sigmund (D:3)
  2 wyverns
  4 hogs (D:7)
  9 yaks
  A human (D:7)
  Grum (D:8)
  A hungry ghost (D:9)
  Menkaure (D:7)
  2 wargs (D:11)
  2 water moccasins
  4 orc warriors
  2 sky beasts
  2 black bears
  2 ice beasts
  A slave (D:7)
  3 ogres
  2 wolves (D:8)
  6 centaurs
  2 phantoms (D:9)
  2 big kobolds
  6 bullfrogs
  5 scorpions
  3 howler monkeys
  4 wights (D:6)
  2 centaur zombies (D:9)
  6 crimson imps
  A bullfrog zombie (D:5)
  3 hounds
  A quasit (D:5)
  4 jellies
  5 centaur skeletons
  4 orc priests
  Crazy Yiuf (D:7)
  2 orc wizards
  A gnoll shaman (D:8)
  Jessica (D:3)
  2 iguanas
  Terence (D:3)
  A worker ant (D:10)
  A hound zombie (D:9)
  2 hound skeletons
  2 howler monkey zombies
  A worker ant zombie (D:5)
  2 howler monkey skeletons
  12 gnolls
  10 adders
  A shadow imp (D:9)
  An ooze (D:1)
  An adder skeleton (D:4)
  5 worms
  2 dart slugs
  2 leopard geckos
  32 orcs
  3 ball pythons
  2 giant cockroaches (D:1)
  11 goblins
  7 hobgoblins
  12 jackals
  4 quokkas
  5 bats
  6 frilled lizards
  32 kobolds
  A leopard gecko skeleton (D:5)
  A quokka skeleton (D:2)
  10 rats
279 creatures vanquished.

Vanquished Creatures (collateral kills)
  Erolcha (D:11)
  A hydra (D:11)
  5 orcs
  A goblin (Bailey)
8 creatures vanquished.

Vanquished Creatures (others)
  A slave (D:7)
  An orc (D:9)
  A plant (D:4)
3 creatures vanquished.

Grand Total: 290 creatures vanquished

Notes
Turn   | Place    | Note
-------+----------+-------------------------------------------
     0 | D:1      | Atlas the Felid Berserker began the quest for the Orb.
     0 | D:1      | Reached XP level 1. HP: 10/10 MP: 2/2
   194 | D:1      | Reached XP level 2. HP: 14/14 MP: 3/3
   632 | D:1      | Reached ** piety under Trog
   977 | D:2      | Reached XP level 3. HP: 17/17 MP: 4/4
  1708 | D:2      | Reached XP level 4. HP: 21/21 MP: 5/5
  2146 | D:3      | Noticed Terence
  2157 | D:3      | Killed Terence
  2157 | D:3      | Reached skill level 5 in Dodging
  2157 | D:3      | Reached skill level 1 in Stealth
  2773 | D:3      | Noticed Jessica
  2775 | D:3      | Killed Jessica
  2775 | D:3      | Reached XP level 5. HP: 24/24 MP: 6/6
  2865 | D:3      | Reached skill level 5 in Unarmed Combat
  2902 | D:3      | Noticed DrIncompetent's ghost (weakling DgAE)
  2903 | D:3      | Found a runed translucent gate.
  2903 | D:3      | Found a runed translucent gate.
  2903 | D:3      | Found a runed translucent gate.
  2991 | D:3      | Noticed Sigmund
  3009 | D:3      | Killed Sigmund
  3009 | D:3      | Gained mutation: You are covered in thick fur. (AC +2)
                  | [Felid growth]
  3009 | D:3      | Reached XP level 6. HP: 28/28 MP: 7/7
  3403 | D:3      | HP: 1/28 [poisoned by an adder]
  4121 | D:4      | Reached *** piety under Trog
  4250 | D:4      | Reached XP level 7. HP: 31/31 MP: 8/8
  4645 | D:4      | Found a sparkling altar of Nemelex Xobeh.
  5002 | D:5      | Entered Level 5 of the Dungeon
  5012 | D:5      | Reached skill level 5 in Stealth
  5960 | D:6      | Reached **** piety under Trog
  6031 | D:6      | Reached XP level 8. HP: 36/36 MP: 9/9
  6614 | D:6      | Found a staircase to the Ecumenical Temple.
  7101 | D:6      | You fall into a shaft and drop 3 floors!
  7101 | D:9      | Noticed a hippogriff
  7124 | D:9      | Killed a hippogriff
  7416 | D:9      | Reached XP level 9. HP: 37/39 MP: 10/10
  7576 | D:8      | Noticed a two-headed ogre
  7578 | D:8      | Killed a two-headed ogre
  7605 | D:8      | Reached skill level 10 in Stealth
  7770 | D:7      | Found a runed translucent door.
  7771 | D:7      | Noticed Crazy Yiuf
  7808 | D:7      | Found a shadowy altar of Dithmenos.
  7995 | D:7      | Reached skill level 10 in Unarmed Combat
  8004 | D:7      | Noticed Menkaure
  8008 | D:7      | Killed Menkaure
  8087 | D:7      | Noticed Joseph
  8109 | D:7      | Killed Joseph
  8827 | D:7      | Noticed Pikel
  8844 | D:7      | Killed Pikel
  8844 | D:7      | Reached XP level 10. HP: 43/43 MP: 11/11
  9358 | D:7      | Found Rung's Armour Shop.
  9420 | D:7      | Reached skill level 1 in Evocations
  9656 | D:7      | Found a burning altar of Makhleb.
  9758 | D:7      | Killed Crazy Yiuf
  9919 | D:8      | Noticed Grum
  9932 | D:8      | Killed Grum
 10429 | D:9      | Gained mutation: Your mind is acute. (Int +2) [potion of
                  | mutation]
 10429 | D:9      | Lost mutation: Your mind is acute. (Int +2) [potion of
                  | mutation]
 10429 | D:9      | Gained mutation: You passively map a small area around you.
                  | [potion of mutation]
 10429 | D:9      | Gained mutation: You have a pair of small antennae on your
                  | head. [potion of mutation]
 10795 | D:9      | Found a roughly hewn altar of Beogh.
 10795 | D:9      | Found a staircase to the Orcish Mines.
 11337 | D:10     | Entered Level 10 of the Dungeon
 12317 | D:10     | Reached XP level 11. HP: 32/46 MP: 12/12
 13148 | D:11     | Reached ***** piety under Trog
 13320 | D:11     | Demolished by an orc warrior
 13321 | D:11     | Reached XP level 10. HP: -17/43 MP: 11/11
 13542 | D:11     | Noticed Erolcha
 13549 | D:11     | Killed Erolcha
 13889 | D:11     | Found a staircase to the Lair.
 14029 | D:11     | Noticed an eight-headed hydra
 14036 | D:11     | Killed an eight-headed hydra
 14285 | D:12     | Shot with an arrow by a centaur
 14286 | D:12     | Reached XP level 9. HP: -5/40 MP: 10/10
 14306 | D:12     | Reached skill level 10 in Dodging
 14338 | D:12     | Found a flagged portal.
 14367 | Bailey   | Entered a bailey
 14391 | Bailey   | Noticed an orc knight
 14409 | Bailey   | Killed an orc knight
 14409 | Bailey   | Reached skill level 5 in Fighting
 14409 | Bailey   | Reached XP level 10. HP: 12/44 MP: 11/11
 14755 | Bailey   | Found an iron altar of Okawaru.
 14755 | Bailey   | Noticed an orc high priest
 14757 | Bailey   | Noticed a sixfirhy
 14769 | Bailey   | Noticed a smoke demon
 14776 | Bailey   | Slain by an orc high priest

Illustrated notes

Levels and vault maps discovered:
D:1:      zelgadis_glass_arrival_small, layout_basic,
          chequers_serial_rivers_room_b, nrook_mini_backslash
D:2:      layout_basic
D:3:      layout_loops_corners, gammafunk_ghost_split, portal_sewer_entry_d,
          first_ration, uniq_sigmund, uniq_jessica, uniq_terence
D:4:      kennysheep_kobold_camp, layout_cave_pods, nemelex_lonely_heart_becter
D:5:      lemuel_upstairs_altar, layout_loops_cross
D:6:      layout_layer_cave, minmay_temple_entry_statues
D:7:      layout_loops_ring, makhleb_grotto_becter, serial_shops,
          kennysheep_little_box, grunt_livestock, st_stairs_13,
          grunt_dithmenos_smoke, uniq_crazy_yiuf_cottage, uniq_menkaure,
          uniq_joseph, uniq_pikel
D:8:      layout_loops_ring, uniq_grum
D:9:      layout_roguey, david_orc_5
D:10:     layout_loops_corners
D:11:     layout_stronghold, erik_lair_orcish_takeover, uniq_erolcha
D:12:     layout_long_grid, enter_bailey_3, okawaru_ov_weapons_minmay,
          uniq_josephine, uniq_snorg
Bailey:   bailey_axe_of_yendor_kennysheep, bailey

Skill      XL: |  1  2  3  4  5  6  7  8  9 10 |
---------------+-------------------------------+-----
Unarmed Combat | 4 5 6 7 9 10 13 | 13.5
Dodging        | 5 6 7 10 9 | 10.2
Stealth        | 1 3 4 6 8 11 13 | 13.1
Fighting       | 4 5 |  5.0
Evocations     | 1 |  1.2

Action                   |  1- 3 |  4- 6 |  7- 9 | 10-12 || total
-------------------------+-------+-------+-------+-------++-------
Melee: Unarmed           |   111 |   142 |   263 |   298 ||   814
       Bite              |     5 |    14 |    30 |    28 ||    77
       Punch             |       |     1 |     7 |    11 ||    19
Invok: Berserk           |     2 |     3 |     5 |     6 ||    16
       Trog's Hand       |       |     2 |     2 |     5 ||     9
       Brothers in Arms  |       |       |     1 |     3 ||     4
Evoke: Wand              |       |       |     2 |     3 ||     5
  Use: Scroll            |       |       |     7 |     2 ||     9
       Potion            |       |       |       |     4 ||     4
 Stab: Sleeping          |     6 |    10 |    25 |    19 ||    60
  Eat: Chunk             |    11 |     7 |    20 |    24 ||    62
Armor: Skin              |     5 |     4 |     5 |     6 ||    20
Dodge: Dodged            |    92 |    84 |   181 |   273 ||   630
